 Dungeon Crawl Stone Soup version 0.31.0-9-g3a7656b989 (webtiles) character file.

Game seed: 10203840910164722114

49 qw the Shooter (level 3, -3/18 HPs)
             Began as a Spriggan Hunter on Feb 2, 2024.
             Slain by a gnoll
             ... wielding a +0 spear
              (7 damage)
             ... on level 2 of the Dungeon.
             The game lasted 00:00:05 (1047 turns).

qw the Shooter (Spriggan Hunter)                    Turns: 1047, Time: 00:00:05

Health: -3/18      AC:  3    Str:  7    XL:     3   Next: 51%
Magic:  4/4        EV: 19    Int: 10    God:
Gold:   89         SH:  0    Dex: 20    Spells: 2/2 levels left

rFire   . . .        a - +0 shortbow
rCold   . . .        (shield currently unavailable)
rNeg    . . .        c - +0 robe
rPois   .            (helmet restricted)
rElec   .            g - +0 cloak
rCorr   .            (gloves unavailable)
SInv    +            (boots unavailable)
Will    .....        i - amulet of regeneration
Stlth   ++           (no ring)
HPRegen 1.03/turn    (no ring)
MPRegen 0.09/turn

%: no passive effects
@: very quick
A: very small, no large weapons, unfitting armour, see invisible, speed 3
a: no special abilities


You were on level 2 of the Dungeon.
You visited 1 branch of the dungeon, and saw 2 of its levels.

You collected 89 gold pieces.


Innate Abilities, Weirdness & Mutations

You are very small and have problems with some larger weapons.
You are too small for most types of armour.
You have supernaturally acute eyesight. (SInv)
You cover ground extremely quickly. (Speed+++)


   Skills:
 - Level 1.5 Fighting
 + Level 4.8 Ranged Weapons
 - Level 4.0 Dodging
 - Level 1.5 Stealth


You had 2 spell levels left.
You didn't know any spells.
Your spell library was empty.

Inventory:

Hand Weapons
 a - a +0 shortbow (weapon)
Armour
 c - a +0 robe (worn)
 g - a +0 cloak (worn)
Jewellery
 i - an amulet of regeneration (around neck)
Scrolls
 b - a scroll of identify
Potions
 d - a potion of might {unknown}
 k - 2 potions of curing
 m - a potion of haste {unknown}

Dungeon Overview and Level Annotations

Branches:
Dungeon (2/15)

Altars:


Message History

A gnoll comes into view. It is wielding a +0 spear.
You shoot an arrow. The arrow hits the gnoll.
The gnoll is lightly wounded.
A gnoll comes into view. It is wielding a +4 heavy spear.
Enter note:
Enter note:
1031 ||| RETREEEEATING.
Enter note:
1032 ||| RETREEEEATING.
Enter note:
1034 ||| RETREEEEATING. 2 gnolls come into view.
A gnoll is wielding a +0 flail and quivering a throwing net.
1036 ||| RETREEEEATING.
The gnoll hits you from afar with a +0 spear.
1038 ||| RETREEEEATING.
You start resting.
HP restored.
A goblin comes into view. It is wielding a +0 hand axe.
The gnoll shouts!
You hear an angry hiss.
A ball python comes into view.
The gnoll closely misses you.
1041 ||| RETREEEEATING.
The gnoll closely misses you.
You shoot an arrow. The arrow closely misses the gnoll.
You shoot an arrow.
The arrow hits the gnoll but does no damage.
The gnoll hits you with a +4 heavy spear!
Ouch! That really hurt!
You shoot an arrow. The arrow closely misses the gnoll.
The gnoll closely misses you. x2
You shoot an arrow. The arrow closely misses the gnoll.
The gnoll hits you from afar with a +0 spear.
You shoot an arrow. The arrow hits the gnoll!
The gnoll is heavily wounded.
The gnoll misses you. The gnoll completely misses you.
You shoot an arrow. The arrow hits the gnoll.
The gnoll is almost dead.
The gnoll hits you from afar with a +0 spear!
You die...

#.................<.........
#.####)####....[...###..(...
#.# #.....#.###....# #......
#.# ####.##.##....## #......
###%# #....##....# #...:..
#...# #######....# #......
#..)######### #....# #######
#..>......[.####....# #
#............@....... .
#...########g###....## #
#...# #g.####### ##### ##gg#
#..g ...) ...... ...g. ...S.


You could see 2 gnolls.

Vanquished Creatures
  2 adders (D:2)
  A dart slug (D:2)
  A ribbon worm (D:2)
  3 bats (D:1)
  2 endoplasms (D:1)
  A goblin (D:1)
  3 hobgoblins
  2 jackals (D:1)
  6 kobolds
  A quokka (D:1)
  3 ball pythons (D:1)
  A rat (D:1)
26 creatures vanquished.

Notes
Turn   | Place    | Note
-------+----------+-------------------------------------------
     0 | D:1      | qw the Spriggan Hunter began the quest for the Orb.
     0 | D:1      | Reached XP level 1. HP: 10/10 MP: 2/2
     0 | D:1      | 0 ||| qw: Version: 0.3-a-155-g5e7d8dd
     0 | D:1      | 0 ||| qw: Game counter: 2506
     0 | D:1      | 0 ||| qw: Melee chars always use a shield: true
     0 | D:1      | 0 ||| qw: God list: Okawaru
     0 | D:1      | 0 ||| qw: Allow faded altars: false
     0 | D:1      | 0 ||| qw: Do Orc after clearing Dungeon:15 true
     0 | D:1      | 0 ||| qw: Do second Lair branch before Depths: true
     0 | D:1      | 0 ||| qw: Lair rune preference: random
     0 | D:1      | 0 ||| qw: Goals: Normal
     0 | D:1      | 0 ||| PLANNING D:1-11
   156 | D:1      | Reached skill level 3 in Dodging
   280 | D:1      | Reached XP level 2. HP: 11/14 MP: 3/3
   789 | D:1      | 789 ||| UPGRADING to +0 cloak.
   794 | D:1      | 794 ||| UPGRADING to amulet of regeneration.
   799 | D:1      | 799 ||| DROPPING +6 ring of intelligence.
   800 | D:1      | 800 ||| READING scroll labelled IQEANA VEAS.
   801 | D:1      | 801 ||| READING scroll labelled BAHIOGGEEC.
   802 | D:1      | 802 ||| READING 3 scrolls labelled OSYFRAV PEEKAE.
   802 | D:1      | 802 ||| IDENTIFYING bubbling blue potion
   803 | D:1      | 803 ||| READING 2 scrolls of identify.
   803 | D:1      | 803 ||| IDENTIFYING bubbling dark potion
   804 | D:1      | 804 ||| READING scroll of identify.
   804 | D:1      | 804 ||| IDENTIFYING black potion
   805 | D:1      | 805 ||| DROPPING scroll of butterflies.
   806 | D:1      | 806 ||| DROPPING potion of invisibility.
   807 | D:1      | 807 ||| DROPPING potion of berserk rage.
   928 | D:2      | Reached XP level 3. HP: 18/18 MP: 4/4
  1031 | D:2      | 1031 ||| RETREEEEATING.
  1032 | D:2      | 1032 ||| RETREEEEATING.
  1034 | D:2      | 1034 ||| RETREEEEATING.
  1036 | D:2      | 1036 ||| RETREEEEATING.
  1038 | D:2      | 1038 ||| RETREEEEATING.
  1041 | D:2      | 1041 ||| RETREEEEATING.
  1045 | D:2      | HP: 1/18 [gnoll/+0 spear (6)]
  1047 | D:2      | Slain by a gnoll

Levels and vault maps discovered:
D:1:      wander_arrival_estate, layout_loops_corners
D:2:      layout_basic, uniq_natasha

Skill      XL: |  1  2 |
---------------+-------+-----
Dodging        | 3 4 |  4.0
Fighting       | |  1.5
Ranged Weapons | |  4.8
Stealth        | |  1.5

Action                     || total
---------------------------++-------
   Fire: Shortbow          ||    90
    Use: Scroll            ||     5
 Armour: Robe              ||    17
  Dodge: Dodged            ||    39

Table legend:
 A = Non-vault XP
 B = Vault XP
 C = Vault XP percentage of total XP
 D = Non-vault monster count
 E = Vault monster count
 F = Vault count percentage of total count
                 A         B        C        D         E       F
            +---------+---------+-------+---------+---------+-------
      Total |      70 |       0 |   0.0 |      26 |       0 |   0.0
            +---------+---------+-------+---------+---------+-------
        D:1 |      27 |       0 |   0.0 |      17 |       0 |   0.0
        D:2 |      43 |       0 |   0.0 |       9 |       0 |   0.0
            +---------+---------+-------+---------+---------+-------
